 Dungeon Crawl Stone Soup version 0.28.0-43-g3370ac3207 (webtiles) character file.

Game seed: 4560534799785849613

9480 issech the Basher (level 11, -8/96 HPs)
             Began as a Troll Monk on Mar 8, 2022.
             Was an Elder of Hepliaklqana.
             Mangled by a white ugly thing (31 damage)
             ... on level 10 of the Dungeon.
             The game lasted 00:42:00 (9075 turns).

issech the Basher (Troll Monk)                      Turns: 9075, Time: 00:42:00

Health: -8/96      AC: 10    Str: 21    XL:     11   Next: 23%
Magic:  10/10      EV: 12    Int:  6    God:    Hepliaklqana [****..]
Gold:   474        SH:  0    Dex: 16    Spells: 10/10 levels left

rFire   + . .      SeeInvis .   t - +1 giant spiked club (vamp)
rCold   . . .      Faith    .   (shield currently unavailable)
rNeg    . . .      Spirit   .   z - +1 acid dragon scales
rPois   .          Reflect  .   (helmet restricted)
rElec   .          Harm     .   W - +0 cloak
rCorr   +          Rampage  .   (gloves unavailable)
Will    .....                   (boots unavailable)
Stlth   ++........              l - amulet of regeneration
HPRegen 1.86/turn               n - ring of resist corrosion
MPRegen 0.12/turn               s - ring of protection from fire

@: no status effects
A: reduced essence, large, unfitting armour, claws 3, regeneration 1, shaggy fur
1, tough skin 1
a: Renounce Religion, Recall Ancestor, Ancestor Identity, Transference, Idealise


You were on level 10 of the Dungeon.
You worshipped Hepliaklqana.
Hepliaklqana was greatly pleased with you.
You visited 2 branches of the dungeon, and saw 11 of its levels.
You also visited: Sewer.

You collected 496 gold pieces.
You spent 22 gold pieces at shops.

Inventory:

Hand Weapons
 t - a +1 vampiric giant spiked club (weapon)
 u - a +2 mace of protection
 y - a +0 shortbow
 D - a +5 war axe
 K - a +2 flail
 M - a +4 mace
 V - a +4 quarterstaff of chaos
Missiles
 b - 4 large rocks
 e - 223 stones (quivered)
 g - 156 arrows
 i - 20 sling bullets
 k - 31 poisoned darts
 G - 48 bolts
 J - 2 boomerangs
 P - a curare-tipped dart
 R - a throwing net
Armour
 z - +1 acid dragon scales (worn)
 L - a +0 troll leather armour
 O - +0 steam dragon scales
 W - a +0 cloak (worn)
Magical Staves
 j - a staff of conjuration
 x - a staff of death
 X - a staff of cold
Jewellery
 h - the ring "Fykkojum" {rElec MP+9 Int-5 Stlth+}
   (You took it off a yaktaur on level 10 of the Dungeon)

   [ring of magical power]

   Int:       It affects your intelligence (-5).
   rElec:     It insulates you from electricity.
   MP:        It affects your magic capacity (+9).
   Stlth:     It makes you more stealthy.
 l - an amulet of regeneration (around neck)
 n - a ring of resist corrosion (left claw)
 r - a ring of positive energy
 s - a ring of protection from fire (right claw)
 F - an amulet of magic regeneration
 H - a ring of wizardry
Wands
 T - a wand of iceblast (19)
 U - a wand of paralysis (21)
 Z - a wand of charming (10)
Scrolls
 f - a scroll of amnesia
 v - a scroll of vulnerability
 w - 3 scrolls of fog
 A - 2 scrolls of magic mapping
 C - 2 scrolls of fear
 S - 3 scrolls of teleportation
Potions
 a - a potion of berserk rage {unknown}
 c - 4 potions of brilliance {unknown}
 d - 2 potions of mutation {unknown}
 m - 4 potions of haste {unknown}
 o - a potion of lignification {unknown}
 p - 4 potions of curing {unknown}
 q - 2 potions of attraction {unknown}
 B - a potion of might {unknown}
 E - 2 potions of invisibility {unknown}
 I - a potion of heal wounds {unknown}
 Q - 2 potions of flight


   Skills:
 + Level 6.8 Fighting
 + Level 0.5 Short Blades
 + Level 11.5 Maces & Flails
 + Level 2.9 Armour
 + Level 7.0 Dodging
 + Level 3.6 Stealth


You had 10 spell levels left.
You didn't know any spells.
Your spell library contained the following spells:

 Spells                   Type           Power      Damage    Failure   Level
 Apportation              Tloc           0%         N/A       54%         1
 Beastly Appendage        Tmut           0%         N/A       54%         1
 Wereblood                Tmut           0%         N/A       67%         2
 Dazzling Flash           Conj/Hex       0%         N/A       88%         3
 Gell's Gravitas          Tloc           0%         N/A       88%         3
 Ignite Poison            Fire/Tmut/Pois 0%         N/A       88%         3
 Inner Flame              Hex/Fire       0%         N/A       88%         3
 Mephitic Cloud           Conj/Pois/Air  0%         N/A       88%         3
 Spider Form              Tmut/Pois      0%         N/A       88%         3
 Teleport Other           Tloc           0%         N/A       88%         3
 Ice Form                 Ice/Tmut       0%         N/A       99%         4
 Iskenderun's Mystic Bla  Conj/Tloc      0%         2d3       99%         4
 Alistair's Intoxication  Tmut/Pois      0%         N/A       100%        5
 Borgnjor's Vile Clutch   Necr/Erth      0%         N/A       100%        5
 Fireball                 Conj/Fire      0%         3d3       100%        5
 Freezing Cloud           Conj/Ice/Air   0%         6-21      100%        5
 Dispersal                Tloc           0%         N/A       100%        6
 Iron Shot                Conj/Erth      0%         9d1       100%        6
 Starburst                Conj/Fire      0%         6d3       100%        6
 Malign Gateway           Summ/Tloc      0%         N/A       100%        7
 Necromutation            Tmut/Necr      0%         N/A       100%        8
 Summon Horrible Things   Summ           0%         N/A       100%        8


Dungeon Overview and Level Annotations

Branches:
Dungeon (10/15)            Temple (1/1) D:4            Lair (0/6) D:9
  Sewer (visited)
    Orc: D:9-12

Altars:
Cheibriados
Dithmenos
Elyvilon
Fedhas
Gozag
Hepliaklqana
Kikubaaqudgha
Makhleb
Nemelex Xobeh
Qazlal
Ru
Sif Muna
Trog
Uskayaw
Vehumet
Wu Jian
Xom
Yredelemnul
Zin
The Shining One
Lugonu

Shops:
D:3 *   D:4 *   D:10 *


Innate Abilities, Weirdness & Mutations

Your life essence is reduced to manifest your ancestor. (-10% HP)
You are too large for most types of armour.
You have claws for hands.
Your natural rate of healing is unusually fast.
You are covered in fur. (AC +1)
You have tough skin. (AC +1)


Message History

G - 48 bolts (gained 14)
Your pack is full.
Things that are here:
a +0 arbalest; the ring "Fykkojum" {rElec MP+9 Int-5 Stlth+}; a yaktaur corpse You can't carry that many items.
You drop a scroll of noise.
You drop 11 potions of degeneration.
As you read the scroll of identify, it crumbles to dust.
Q - 2 potions of flight A white ugly thing comes into view.
You swap places.
h - the ring "Fykkojum" {rElec MP+9 Int-5 Stlth+}
Items here: ! ) ? †.
You swap places.
The white ugly thing barely misses you.
You barely miss the white ugly thing.
The white ugly thing is moderately wounded.
The white ugly thing punches you! The white ugly thing freezes you!!
You closely miss the white ugly thing.
The white ugly thing is moderately wounded.
The white ugly thing misses you.
You barely miss the white ugly thing.
The white ugly thing is moderately wounded.
Edmée gestures at the white ugly thing while chanting.
The puff of frost hits the white ugly thing.
The white ugly thing resists.
The white ugly thing punches you. The white ugly thing freezes you!!
You thump the white ugly thing!
The white ugly thing is moderately wounded.
The white ugly thing punches you. The white ugly thing freezes you!!
* * * LOW HITPOINT WARNING * * *
Edmée points at the white ugly thing and mumbles some strange words.
The puff of frost hits the white ugly thing.
The white ugly thing resists.
An efreet comes into view.
It is wielding a +0 scimitar of flaming and wearing the ring "Xoucwoli" {rPois Int+7 Stlth-}.
Edmée gestures at the white ugly thing while chanting.
The stone arrow hits the white ugly thing!
The white ugly thing punches you.
* * * LOW HITPOINT WARNING * * *
The white ugly thing freezes you!!
You die...

#..# #..# ##...###.#.#.#.##..#
#..# #..###..###..#R#.#.#.#..#
#..###..#...##..##.#R#.#.##..#
#.........###..#'####.#.#.#..#
#.......###..###.#####.#.## #
#.#...###..#.# #)#.# ####.# .
#...###..#...# ##)# ### .
#.###..#...#.# #R#=#
..'..#...#.).# #@###
..###..#...#.# #u#
#.R.###..#...# ##. ####
#.#...###..#.# #R ###..#
#.###...###..### ####..#.# ..#
#.#...###..#+###...#).#.<# ..#
#...#...##..##..#...#.#..# #.#
###.###..###...#...#..#..# #.#
#.# ##..####..#...#.#..#


You could see the friendly Edmée the battlemage, a white ugly thing (ally
target) and an efreet.

Vanquished Creatures
  An ogre mage (D:10)
  A cyclops (D:10)
  A yaktaur (D:10)
  A kobold demonologist (D:8)
  A komodo dragon (D:9)
  Grinder (D:4)
  A vampire (D:10)
  A wyvern (D:8)
  A wraith (D:10)
  Eustachio (D:6)
  2 basilisks (D:9)
  2 steam dragons (D:9)
  A water moccasin (D:6)
  A black bear (D:5)
  2 centaurs
  4 ogres
  Blork the orc (D:6)
  3 bullfrogs
  2 scorpions
  A killer bee (D:10)
  6 wights
  A howler monkey (D:9)
  2 centaur zombies
  A hound (D:4)
  An orc priest (D:3)
  Crazy Yiuf (D:6)
  A gnoll shaman (D:8)
  A centaur skeleton (D:4)
  A bullfrog skeleton (D:6)
  2 orc wizards
  A killer bee zombie (D:5)
  2 hound zombies
  A gnoll (D:9)
  7 adders
  A river rat (D:4)
  2 shadow imps
  An ufetubus (D:7)
  2 worms (D:2)
  2 dart slugs
  17 orcs
  7 endoplasms
  7 giant cockroaches
  6 goblins
  7 hobgoblins
  5 jackals
  11 kobolds
  6 quokkas
  12 ball pythons
  6 bats
  14 frilled lizards
  10 rats
173 creatures vanquished.

Vanquished Creatures (collateral kills)
  A two-headed ogre (D:9)
  A centaur warrior (D:10)
  An efreet (D:10)
  A tengu conjurer (D:10)
  2 trolls (D:10)
  A hornet (D:7)
  A slime creature (D:10)
  2 wyverns (D:9)
  A yak (D:10)
  A basilisk (D:9)
  A steam dragon (D:9)
  Menkaure (D:6)
  An acid dragon (D:9)
  An orc warrior (D:7)
  An ogre (D:7)
  A kobold brigand (D:6)
  2 bullfrogs
  3 scorpions
  2 wights (D:6)
  A howler monkey (D:6)
  2 bullfrog zombies
  2 hounds (D:6)
  2 orc priests
  An iguana (D:7)
  5 orc wizards
  A gnoll (D:9)
  2 adders (D:4)
  An ufetubus (D:5)
  2 dart slugs
  11 orcs
  A bat (D:7)
  2 goblins (D:9)
  A jackal (D:5)
  A kobold (D:6)
60 creatures vanquished.

Vanquished Creatures (others)
  A human (D:4)
  A battlemage (D:6)
  31 plants
33 creatures vanquished.

Grand Total: 266 creatures vanquished

Notes
Turn   | Place    | Note
-------+----------+-------------------------------------------
     0 | D:1      | issech the Troll Monk began the quest for the Orb.
     0 | D:1      | Reached XP level 1. HP: 22/22 MP: 0/0
   320 | D:1      | Reached XP level 2. HP: 29/29 MP: 1/1
   836 | D:2      | Reached skill level 3 in Maces & Flails
   887 | D:2      | Reached XP level 3. HP: 33/36 MP: 2/2
  1202 | D:2      | Reached XP level 4. HP: 44/44 MP: 3/3
  1624 | D:3      | Found Oleud's Assorted Antiques.
  1712 | D:3      | Got Sif Muna's Tome of Transformation
  1713 | D:3      | Noticed an ogre
  1757 | D:3      | Killed an ogre
  1758 | D:3      | Reached XP level 5. HP: 45/53 MP: 4/4
  1787 | D:3      | Reached skill level 4 in Maces & Flails
  1969 | D:3      | Found a glowing silver altar of Zin.
  2493 | D:4      | Found a glowing drain.
  2551 | Sewer    | Entered a sewer
  2575 | Sewer    | Reached XP level 6. HP: 58/61 MP: 5/5
  3112 | D:4      | Found Wujo's General Store.
  3205 | D:4      | Found a white marble altar of Elyvilon.
  3219 | D:4      | Reached skill level 5 in Maces & Flails
  3219 | D:4      | Reached XP level 7. HP: 51/68 MP: 6/6
  3286 | D:4      | Noticed Grinder
  3306 | D:4      | Paralysed by Grinder for 4 turns
  3314 | D:4      | Paralysed by Grinder for 2 turns
  3325 | D:4      | Paralysed by Grinder for 6 turns
  3339 | D:4      | Killed Grinder
  3340 | D:4      | Reached skill level 6 in Maces & Flails
  3357 | D:4      | Found a staircase to the Ecumenical Temple.
  3374 | Temple   | Entered the Ecumenical Temple
  3416 | Temple   | Became a worshipper of Hepliaklqana the Forgotten
  3416 | Temple   | Reached * piety under Hepliaklqana
  3416 | Temple   | Reached ** piety under Hepliaklqana
  3417 | Temple   | Remembered your ancestor Edmée as a battlemage
  3531 | D:4      | Got Deni's Almanac of Unreason
  3614 | D:4      | Found an ancient bone altar of Kikubaaqudgha.
  3615 | D:4      | Noticed a human
  3617 | D:4      | Killed a human
  3782 | D:5      | Entered Level 5 of the Dungeon
  3818 | D:5      | Reached XP level 8. HP: 70/70 MP: 7/7
  3874 | D:5      | Found a radiant altar of Vehumet.
  3977 | D:5      | Found an opulent altar of Gozag.
  4206 | D:4      | Bought a scroll of identify for 22 gold pieces
  4283 | D:6      | Noticed Eustachio
  4310 | D:6      | Reached skill level 7 in Maces & Flails
  4369 | D:6      | Reached skill level 5 in Dodging
  4479 | D:6      | Found an ornate altar of the Wu Jian Council.
  4547 | D:6      | Found a burning altar of Makhleb.
  4558 | D:6      | Noticed Menkaure
  4566 | D:6      | Killed Menkaure
  4567 | D:6      | Noticed Blork the orc
  4581 | D:6      | Killed Blork the orc
  4597 | D:6      | Killed Eustachio
  4673 | D:6      | Reached skill level 8 in Maces & Flails
  4698 | D:6      | Reached XP level 9. HP: 71/78 MP: 8/8
  5115 | D:6      | Found a runed translucent door.
  5116 | D:6      | Noticed Crazy Yiuf
  5325 | D:6      | Killed Crazy Yiuf
  5378 | D:7      | Identified the +1 scale mail "Nenoh" {Fly Int+3}
  5459 | D:7      | Reached skill level 5 in Fighting
  5462 | D:7      | Found a sacrificial altar of Ru.
  5711 | D:7      | Identified the +1 ring mail of Ashenzari's Esteem {*Corrode
                  | rElec Dex+9}
  5712 | D:7      | Found a basalt altar of Yredelemnul.
  5717 | D:7      | Reached *** piety under Hepliaklqana
  6227 | D:7      | Paralysed by a hornet for 3 turns
  6371 | D:8      | Noticed a kobold demonologist
  6380 | D:8      | Killed a kobold demonologist
  6381 | D:8      | Reached skill level 9 in Maces & Flails
  6920 | D:8      | Found a sparkling altar of Nemelex Xobeh.
  7267 | D:9      | Reached XP level 10. HP: 88/88 MP: 9/9
  7729 | D:9      | Found a snail-covered altar of Cheibriados.
  7729 | D:9      | Found a bloodstained altar of Trog.
  7781 | D:9      | Reached **** piety under Hepliaklqana
  8041 | D:9      | Reached skill level 10 in Maces & Flails
  8047 | D:9      | Noticed a two-headed ogre
  8056 | D:9      | Killed a two-headed ogre
  8178 | D:9      | Found a staircase to the Lair.
  8393 | D:9      | Found a shimmering blue altar of Sif Muna.
  8514 | D:10     | Entered Level 10 of the Dungeon
  8556 | D:10     | Found Haigaum's Elemental Accessories.
  8799 | D:10     | Reached skill level 1 in Armour
  8803 | D:10     | Reached skill level 11 in Maces & Flails
  8885 | D:10     | Found a hide-covered altar of Uskayaw.
  9038 | D:10     | Noticed an ogre mage
  9040 | D:10     | Identified the ring of Agnosticism {rPois MP+9 Str+3}
  9040 | D:10     | Noticed a centaur warrior
  9043 | D:10     | Killed an ogre mage
  9044 | D:10     | Reached XP level 11. HP: 88/96 MP: 10/10
  9045 | D:10     | Killed a centaur warrior
  9056 | D:10     | Identified the ring "Fykkojum" {rElec MP+9 Int-5 Stlth+}
  9068 | D:10     | Noticed a white ugly thing
  9075 | D:10     | Identified the ring "Xoucwoli" {rPois Int+7 Stlth-}
  9075 | D:10     | Mangled by a white ugly thing

Illustrated notes

Levels and vault maps discovered:
D:1:      psy_arrival_whirlpool, layout_basic, nicolae_wormholes
D:2:      minmay_door_path, layout_rooms, serial_bayou, serial_bayou_shore_a,
          serial_bayou_lake_a, serial_bayou_pond_a, serial_bayou_pond_b
D:3:      layout_basic, mainiacjoe_overflow_concentric_impassable, serial_shops,
          shop, nicolae_figureground_sparkle
D:4:      layout_basic, tgw_kikubaaqudgha, elyvilon_altar_5,
          minmay_temple_entry_arrows, portal_sewer_entry_a,
          nicolae_take_the_stairs, uniq_grinder
D:5:      layout_rooms, mainiacjoe_overflow_catwalk, grunt_gozag_statues
D:6:      layout_basic, lemuel_tele_altar, bloody_makhleb, serial_glass,
          glass_columns_a, glass_columns_a, minmay_misc_feat_tower,
          uniq_blork_the_orc, uniq_menkaure, uniq_eustachio,
          uniq_crazy_yiuf_cottage
D:7:      layout_basic, nicolae_ru_great_annihilating_truth,
          lemuel_doored_altar, hangedman_decor_opposing, nicolae_zen_rock_garden
D:8:      layout_basic, nemelex_spade_bored_becter, minmay_increasing_density
D:9:      layout_roguey, kennysheep_little_box, gammafunk_temple_overflow_wave,
          erik_lair_dragon, enter_bailey_7
D:10:     minmay_the_grid_triangle_9x9_recursive_2
          [minmay_the_grid_triangle_9x9_prize_special,
          minmay_the_grid_triangle_9x9_zippers_horizontal,
          minmay_the_grid_triangle_9x9_checkered,
          minmay_the_grid_triangle_9x9_sparse_checkered], layout_long_grid,
          lemuel_round_altar, gammafunk_temple_overflow_elements,
          nicolae_elemental_shop
Temple:   corrupted_temple

Skill      XL: |  1  2  3  4  5  6  7  8  9 10 11 |
---------------+----------------------------------+-----
Maces & Flails | 3 4 5 6 8 9 11 | 11.5
Dodging        | 3 4 5 6 7 |  7.0
Fighting       | 3 4 5 6 |  6.8
Stealth        | 2 3 |  3.6
Armour         | 2 |  2.9
Short Blades   | |  0.5

Action                   |  1- 3 |  4- 6 |  7- 9 | 10-12 || total
-------------------------+-------+-------+-------+-------++-------
Melee: Mace              |   107 |   199 |   194 |       ||   500
       Punch             |     2 |     5 |     3 |       ||    10
       Short sword       |       |    10 |       |       ||    10
       Giant spiked club |       |    31 |    38 |    85 ||   154
Invok: Ancestor Life: Ba |       |       |     1 |       ||     1
  Use: Scroll            |       |       |    10 |     3 ||    13
 Stab: Sleeping          |     3 |       |     2 |     3 ||     8
       Distracted        |       |       |     5 |     1 ||     6
       Paralysed         |       |       |     1 |       ||     1
Armor: Robe              |    49 |   119 |    97 |     3 ||   268
       Acid dragon scale |       |       |       |    40 ||    40
       Steam dragon scal |       |       |       |     1 ||     1
Dodge: Dodged            |    58 |   228 |   160 |    78 ||   524
